AoeStats
← tom

Arabian Desert

509667211Analyzed
1v1 RM · 4d ago on Sep 27, 2026· 46m 7s· 2 players
Game mode
Random Map
Map size
Tiny (2 player)
Population
200
Speed
Normal
Resources
Standard
Victory
Conquest
Starting age
Dark Age
Ending age
Imperial Age
RankedLock teamsTeams togetherTeam positionsShared explorationLock speedFull tech treeHidden civsTurbo modeCheats
Victory
Defeat
🇧🇪 Bulgarians · Belgium
887
+18
🇭🇺 Maya · Hungary
929
-18
tom
8:17 Loom
10:26 Feudal Age
13:24 Forging
17:48 Double-Bit Axe
18:54 Horse Collar
22:35 Castle Age
21:39 Fletching
22:21 Padded Archer Armor
22:27 Scale Barding Armor
23:07 Bloodlines
24:05 Elite Skirmisher
27:59 Wheelbarrow
29:31 Husbandry
38:41 Gold Mining
39:06 Devotion
43:26 Imperial Age
eegyuri1987
0:30 Loom
11:52 Feudal Age
13:12 Wheelbarrow
14:38 Town Watch
26:49 Castle Age
25:58 Horse Collar
26:10 Double-Bit Axe
32:39 Eagle Warrior
43:14 Hand Cart
Connection lost

Rejoining the realm…

Still unreachable

The connection could not be restored.

Session expired

The server has moved on; the page needs a fresh start.